 Dungeon Crawl Stone Soup version 0.31.0-11-ge490571c62 (webtiles) character file.

Game seed: 12026521306262667363

1020 oldriver the Conjurer (level 8, 61/61 HPs)
             Began as a Demonspawn Conjurer on Feb 2, 2024.
             Quit the game on level 5 of the Dungeon.
             The game lasted 00:07:21 (4468 turns).

oldriver the Conjurer (Demonspawn Conjurer)         Turns: 4468, Time: 00:07:21

Health: 61/61      AC:  6    Str:  8    XL:     8   Next: 2%
Magic:  10/15      EV: 12    Int: 29    God:
Gold:   200        SH:  0    Dex: 11    Spells: 5/16 levels left

rFire   + . .        n - +9 spear of the Distant Future {vamp, ^Fragile +Blink rCorr Int+2}
rCold   . . .        (no shield)
rNeg    . . .        a - +0 robe
rPois   .            m - +1 helmet
rElec   .            (no cloak)
rCorr   +            (no gloves)
SInv    .            x - +0 pair of boots
Will    .....        (no amulet)
Stlth   ++           d - ring of protection from fire
HPRegen 0.30/turn    j - +6 ring of intelligence
MPRegen 0.14/turn

%: no passive effects
@: no status effects
A: powered by pain 2, spiny 1, sharp scales 1
a: Evoke Blink


You were on level 5 of the Dungeon.
You visited 1 branch of the dungeon, and saw 5 of its levels.
You also visited: Sewer.

You collected 200 gold pieces.

Inventory:

Hand Weapons
 n - the +9 spear of the Distant Future (weapon) {vamp, ^Fragile +Blink rCorr Int+2}
   (You found it on level 2 of the Dungeon)

   Int+2:     It affects your intelligence (+2).
   +Blink:    It lets you blink.
   rCorr:     It protects you from acid and corrosion.
   ^Fragile:  It will be destroyed if unequipped.
Armour
 a - a +0 robe (worn)
 m - a +1 helmet (worn)
 o - the +2 ring mail of Semingyi {*Slow rElec Int+3 Dex+2}
   (You found it on level 2 of the Dungeon)

   Int+3:     It affects your intelligence (+3).
   Dex+2:     It affects your dexterity (+2).
   rElec:     It insulates you from electricity.
   *Slow:     It may slow you when you take damage.
 x - a +0 pair of boots (worn)
Jewellery
 d - a ring of protection from fire (left hand)
 j - a +6 ring of intelligence (right hand)
 k - a ring of wizardry
 q - a +6 ring of dexterity
 s - a ring of ice
 u - a +6 ring of dexterity
Scrolls
 c - a scroll of enchant weapon {unknown}
 g - 2 scrolls of enchant armour {unknown}
 h - a scroll of teleportation {unknown}
 i - a scroll of vulnerability {unknown}
 l - 3 scrolls of identify {unknown}
 p - a scroll of amnesia {unknown}
 t - a scroll of revelation {unknown}
 w - a scroll of blinking {unknown}
 y - a scroll of brand weapon {unknown}
Potions
 b - 3 potions of magic
 e - 2 potions of enlightenment
 f - 3 potions of heal wounds
 r - a potion of degeneration {unknown}
 v - a potion of resistance {unknown}
 z - 2 potions of brilliance {unknown}
 A - a potion of invisibility


   Skills:
 + Level 4.9 Fighting
 + Level 2.3 Dodging
 + Level 2.4 Stealth
 + Level 4.9 Spellcasting
 + Level 6.3 Conjurations
 + Level 1.3 Translocations


You had 5 spell levels left.
You knew the following spells:

 Your Spells              Type           Power      Damage    Failure   Level
a - Magic Dart            Conj           100%       1d8       1%          1
b - Searing Ray           Conj           88%        2d7       1%          2
p - Fulminant Prism       Conj/Alch      12%        3d9       17%         4
z - Iskenderun's Mystic   Conj/Tloc      29%        2d7       13%         4

Your spell library contained the following spells:

 Spells                   Type           Power      Damage    Failure   Level
 Summon Small Mammal      Summ           28%        N/A       6%          1
 Mephitic Cloud           Conj/Alch/Air  19%        N/A       8%          3
 Mercury Vapours          Alch/Air       14%        N/A       10%         2
 Call Canine Familiar     Summ           7%         N/A       19%         3
 Summon Blazeheart Golem  Fire/Summ      7%         N/A       54%         4
 Freezing Cloud           Conj/Ice/Air   9%         6-21      58%         5


Dungeon Overview and Level Annotations

Branches:
Dungeon (5/15)             Temple (0/1) D:4           Sewer (visited)

Altars:
Cheibriados
Nemelex Xobeh
Okawaru

Shops:
D:1 !


Innate Abilities, Weirdness & Mutations

You sometimes gain power by taking damage.
You are partially covered in sharp spines.
You are partially covered in razor-sharp scales. (AC +1, Slay +1)


Message History

You can't see any susceptible monsters within range! (Use Z to cast anyway.)
You can't see any susceptible monsters within range! (Use Z to cast anyway.)
You can't see any susceptible monsters within range! (Use Z to cast anyway.)
You start resting.
An adder comes into view.
The magic dart hits the adder.
The adder is lightly wounded.
The adder hisses angrily.
The magic dart hits the adder!
The adder is almost dead.
The adder is struck by your spines.
You kill the adder!
You can't see any susceptible monsters within range! (Use Z to cast anyway.)
You can't see any susceptible monsters within range! (Use Z to cast anyway.)
An orc priest comes into view. It is wielding a +0 dagger.
An orc priest is nearby!
An orc priest is nearby!
The magic dart hits the orc priest.
The orc priest is moderately wounded.
The orc priest shouts!
The magic dart hits the orc priest.
The orc priest is heavily wounded.
The magic dart hits the orc priest!
The orc priest is almost dead.
The magic dart hits the orc priest.
You kill the orc priest!
You have reached level 8!
You feel clever.
Your demonic ancestry asserts itself...
You feel even more energised by your suffering.
Welcome back, oldriver the Demonspawn Conjurer.
Press ? for a list of commands and other information.
There is a stone staircase leading down here.
You climb downwards.
Found 10 gold pieces.
There is a stone staircase leading up here.
Okay, then.
Search for what [? for help]?
Okay, then.
Okay, then.
Are you sure you want to abandon this character and quit the game? (Confirm with "yes".)

####
##...####
############
#@......#
...........#
##.#.##$#
...........#
.#
...........#
.#
.........>.+
.#
..........
.. ....##..#
.# ....##.#
## ....##.#


There were no monsters in sight!

Vanquished Creatures
  A phantom (D:5)
  A kobold brigand (Sewer)
  5 wights (D:5)
  A howler monkey (D:5)
  3 jellies (D:5)
  4 hounds
  2 orc priests (D:4)
  4 iguanas
  Robin (D:2)
  A gnoll (D:5)
  7 adders
  2 river rats (Sewer)
  2 ribbon worms
  A dart slug (D:4)
  4 orcs (D:4)
  8 endoplasms
  2 giant cockroaches
  17 goblins
  9 hobgoblins
  6 jackals
  14 kobolds
  6 quokkas
  8 ball pythons
  4 bats
  6 frilled lizards
  8 rats
127 creatures vanquished.

Notes
Turn   | Place    | Note
-------+----------+-------------------------------------------
     0 | D:1      | oldriver the Demonspawn Conjurer began the quest for the
                  | Orb.
     0 | D:1      | Reached XP level 1. HP: 13/13 MP: 3/3
   413 | D:1      | Gained mutation: You sometimes gain a little power by
                  | taking damage. [demonic ancestry]
   413 | D:1      | Reached XP level 2. HP: 20/20 MP: 3/5
   460 | D:1      | Reached skill level 1 in Fighting
   756 | D:1      | Found Ituesm Awei's Distillery.
  1335 | D:2      | Gained mutation: You are partially covered in sharp spines.
                  | [demonic ancestry]
  1335 | D:2      | Reached XP level 3. HP: 26/26 MP: 1/6
  1426 | D:2      | Learned a level 2 spell: Searing Ray
  1455 | D:2      | Noticed Robin
  1540 | D:2      | Killed Robin
  1660 | D:2      | Identified the +9 spear of the Distant Future {vamp,
                  | ^Fragile +Blink rCorr Int+2}
  1768 | D:2      | Reached XP level 4. HP: 28/33 MP: 1/8
  1878 | D:2      | Identified the +2 ring mail of Semingyi {*Slow rElec Int+3
                  | Dex+2}
  1990 | D:2      | Found a sparkling altar of Nemelex Xobeh.
  2237 | D:3      | Found a snail-covered altar of Cheibriados.
  2279 | D:3      | Learned a level 4 spell: Fulminant Prism
  2289 | D:3      | You fall into a shaft and drop 2 floors!
  2289 | D:5      | Entered Level 5 of the Dungeon
  2308 | D:5      | Gained mutation: You are partially covered in razor-sharp
                  | scales. (AC +1, Slay +1) [demonic ancestry]
  2308 | D:5      | Reached XP level 5. HP: 39/39 MP: 2/9
  2347 | D:5      | Reached skill level 5 in Conjurations
  2373 | D:5      | Reached XP level 6. HP: 44/47 MP: 0/11
  2535 | D:5      | Reached XP level 7. HP: 44/54 MP: 7/13
  2579 | D:5      | Found a glowing drain.
  2677 | Sewer    | Entered a sewer
  2690 | Sewer    | Reached skill level 6 in Conjurations
  3034 | Sewer    | Learned a level 4 spell: Iskenderun's Mystic Blast
  3900 | D:4      | Found an iron altar of Okawaru.
  4130 | D:4      | Reached skill level 1 in Translocations
  4130 | D:4      | Found a staircase to the Ecumenical Temple.
  4460 | D:4      | Gained mutation: You sometimes gain power by taking damage.
                  | [demonic ancestry]
  4460 | D:4      | Reached XP level 8. HP: 61/61 MP: 9/15
  4468 | D:5      | Quit the game

Illustrated notes

Levels and vault maps discovered:
D:1:      amcnicky_arrival_flooded_fountain, layout_loops_ring, serial_shops,
          shop
D:2:      minmay_diamond_boxcup, layout_basic, basic_altar, amethyst_killhole,
          uniq_robin
D:3:      layout_loops_corners, cheibriados_altar_1
D:4:      layout_loops_ring, nzn_wu_jian_contemplation,
          mainiacjoe_overflow_small_starburst, zin_scriptorium,
          minmay_temple_entry_waves
D:5:      layout_basic, elyvilon_altar_3, kennysheep_vampire_church,
          gup_sewer_entry_pipe

Skill      XL: |  1  2  3  4  5  6  7 |
---------------+----------------------+-----
Fighting       | 1 2 3 4 |  4.9
Spellcasting   | 3 4 |  4.9
Conjurations   | 5 6 |  6.3
Dodging        | 2 |  2.3
Stealth        | 2 |  2.4
Translocations | 1 |  1.3

Action                     |  1- 3 |  4- 6 |  7- 9 || total
---------------------------+-------+-------+-------++-------
  Melee: Unarmed           |    14 |       |       ||    14
         Spear             |     3 |    31 |    17 ||    51
   Cast: Magic Dart        |    77 |    36 |    97 ||   210
         Searing Ray       |     3 |     3 |     6 ||    12
    Use: Potion            |       |     3 |       ||     3
   Stab: Sleeping          |     1 |       |       ||     1
 Armour: Robe              |    16 |    22 |    23 ||    61
  Dodge: Dodged            |    25 |    27 |    18 ||    70
